 Dungeon Crawl Stone Soup version 0.29-a0-723-gce39da1c22 (webtiles) character file.

Game seed: 6807113131799718445

59 Armakuni the Charlatan (level 4, -2/32 HPs)
             Began as a Human Artificer on June 28, 2022.
             Slain by an orc
             ... wielding a +0 flail
              (8 damage)
             ... on level 3 of the Dungeon.
             The game lasted 00:05:05 (2389 turns).

Armakuni the Charlatan (Human Artificer)            Turns: 2389, Time: 00:05:06

Health: -2/32      AC:  3    Str: 15    XL:     4   Next: 22%
Magic:  4/4        EV: 11    Int: 11    God:
Gold:   69         SH:  0    Dex: 13    Spells: 3/3 levels left

rFire   . . .      SeeInvis .   a - +0 mace
rCold   . . .      Faith    .   (no shield)
rNeg    . . .      Spirit   .   g - +0 leather armour
rPois   .          Reflect  .   (no helmet)
rElec   .          Harm     .   (no cloak)
rCorr   .          Rampage  .   (no gloves)
Will    .....                   (no boots)
Stlth   +.........              (no amulet)
HPRegen 0.10/turn               (no ring)
MPRegen 0.09/turn               (no ring)

@: no status effects
A: no striking features
a: no special abilities


You were on level 3 of the Dungeon.
You visited 1 branch of the dungeon, and saw 3 of its levels.

You collected 69 gold pieces.

Inventory:

Hand Weapons
 a - a +0 mace (weapon)
Armour
 g - a +0 leather armour (worn)
Jewellery
 b - a ring of protection from fire
Wands
 c - a wand of charming (15)
 j - a wand of iceblast (9)
 v - a wand of flame (8) (quivered)
Scrolls
 d - 2 scrolls of teleportation {unknown}
 k - 2 scrolls of identify
Potions
 e - a potion of attraction {unknown}
 f - a potion of mutation {unknown}
 h - a potion of invisibility
 i - a potion of lignification {unknown}


   Skills:
 - Level 1.0 Fighting
 - Level 1.0 Maces & Flails
 - Level 1.0 Ranged Weapons
 - Level 2.0 Armour
 - Level 1.0 Dodging
 - Level 1.0 Stealth
 + Level 4.4 Evocations


You had 3 spell levels left.
You didn't know any spells.
Your spell library contained the following spells:

 Spells                   Type           Power      Damage    Failure   Level
 Freeze                   Ice            0%         1d3       41%         1
 Slow                     Hex            0%         N/A       41%         1
 Confusing Touch          Hex            0%         N/A       78%         3
 Frozen Ramparts          Ice            0%         1d2       78%         3
 Vampiric Draining        Necr           0%         2d6       78%         3
 Hailstorm                Conj/Ice       0%         3d3       99%         4


Dungeon Overview and Level Annotations

Branches:
Dungeon (3/15)

Altars:


Message History

Done exploring.
Done exploring.
Okay, then.
You see here a jackal skeleton.
You see here a jackal skeleton.
There is a stone staircase leading down here.
You climb downwards.
There is a stone staircase leading up here.
The helpless giant cockroach fails to defend itself.
You hit the giant cockroach.
The giant cockroach is heavily wounded.
The giant cockroach misses you. x2
You sock the giant cockroach!
You kill the giant cockroach!
You open the door.
An orc comes into view. It is wielding a +0 flail.
There is an open door here.
The orc shouts!
You hit the orc but do no damage. The orc hits you with a +0 flail.
The orc closely misses you.
You closely miss the orc. The orc hits you with a +0 flail.
You barely miss the orc. The orc hits you with a +0 flail!
You hit the orc but do no damage. The orc hits you with a +0 flail!
The orc barely misses you.
You hit the orc.
The orc is severely wounded.
The orc hits you with a +0 flail.
* * * LOW HITPOINT WARNING * * *
Aiming: Throw Flame
Press: ? - help, Q - select action, (/) - cycle Shift-Dir - straight line, f - orc
Aim: an orc, wielding a +0 flail and wearing a +0 leather armour (severely wounded, 74% to hit)
The puff of flame misses the orc.
The orc hits you with a +0 flail.
* * * LOW HITPOINT WARNING * * *
Aiming: Throw Flame
Press: ? - help, Q - select action, (/) - cycle Shift-Dir - straight line, f/p - orc
Aim: an orc, wielding a +0 flail and wearing a +0 leather armour (severely wounded, 74% to hit)
The puff of flame misses the orc.
The orc hits you with a +0 flail!
You die...

##+## ##.<.##
##.....## #.
##†......#
#...####.........#
#....o@'.........+
.....####.........#
##. ##.......##
##.....## ##...##
#+##


You could see an orc.

Vanquished Creatures
  A worm (D:2)
  A dart slug (D:1)
  4 bats
  4 endoplasms
  3 giant cockroaches
  4 goblins
  7 hobgoblins
  5 jackals (D:2)
  3 kobolds
  2 quokkas
  5 ball pythons
  4 frilled lizards
  5 rats
48 creatures vanquished.

Notes
Turn   | Place    | Note
-------+----------+-------------------------------------------
     0 | D:1      | Armakuni the Human Artificer began the quest for the Orb.
     0 | D:1      | Reached XP level 1. HP: 15/15 MP: 1/1
    59 | D:1      | Reached skill level 1 in Maces & Flails
   110 | D:1      | Found a faded altar of an unknown god.
   130 | D:1      | Reached XP level 2. HP: 9/21 MP: 2/2
   660 | D:1      | Reached XP level 3. HP: 16/26 MP: 3/3
  1047 | D:1      | Reached skill level 1 in Ranged Weapons
  1759 | D:2      | Reached skill level 4 in Evocations
  2009 | D:2      | Reached XP level 4. HP: 32/32 MP: 4/4
  2389 | D:3      | Slain by an orc

Illustrated notes

Levels and vault maps discovered:
D:1:      lemuel_arrival_tunnels, layout_basic, basic_ecumenical_altar,
          nrook_mini_vaults, minmay_misc_feat_columns, chequers_avenue,
          nicolae_concentric_dashed_squares_wild
D:2:      layout_basic
D:3:      layout_loops_corners

Skill      XL: |  1  2  3 |
---------------+----------+-----
Maces & Flails | 1 |  1.0
Ranged Weapons | 1 |  1.0
Evocations     | 4 |  4.4
Fighting       | |  1.0
Armour         | |  2.0
Dodging        | |  1.0
Stealth        | |  1.0

Action                   |  1- 3 |  4- 6 || total
-------------------------+-------+-------++-------
Melee: Club              |    59 |       ||    59
       Mace              |    67 |    24 ||    91
       Unarmed           |     3 |       ||     3
 Fire: Sling             |     8 |       ||     8
Throw: Stone             |     1 |       ||     1
Evoke: Wand              |     5 |     2 ||     7
  Use: Scroll            |     2 |       ||     2
 Stab: Sleeping          |     3 |     1 ||     4
Armor: Leather armour    |    45 |    11 ||    56
Dodge: Dodged            |    92 |    19 ||   111

Table legend: (Time is in decaauts)
 A = Elapsed time spent in this place.
 B = Non-inter-level travel time spent in this place.
 C = Inter-level travel time spent in this place.
 D = Time resting spent in this place.
 E = Time spent auto-exploring this place.
 F = Levels seen in this place.
 G = Mean time per level.
                   A        B        C        D        E       F      G
               +--------+--------+--------+--------+--------+-----+--------+
         Total |   2429 |   2327 |    102 |     80 |   1754 |   3 |  809.7 |
       Dungeon |   2429 |   2327 |    102 |     80 |   1754 |   3 |  809.7 |
               +--------+--------+--------+--------+--------+-----+--------+

Top non-repeatable levels by time:
     D:1: 1483 daAuts
     D:2: 926 daAuts
     D:3: 19 daAuts
